 Dungeon Crawl Stone Soup version 0.26-a0-1139-g7d2dc893a1 (webtiles) character file.

Game seed: 409313240197932456

179598 TheDeanity the Bludgeoner (level 17, -3/180 HPs)
             Began as a Troll Fighter on Dec 21, 2020.
             Was the Champion of Wu Jian.
             Slain by an anaconda (9 damage)
             ... on level 4 of the Snake Pit.
             The game lasted 02:23:25 (29094 turns).

TheDeanity the Bludgeoner (Troll Fighter)          Turns: 29094, Time: 02:23:26

Health: -3/180     AC: 11    Str: 35    XL:     17   Next: 61%
Magic:  16/16      EV:  7    Int: 22    God:    Wu Jian [******]
Gold:   3585       SH: 22    Dex: 11    Spells: 16/16 levels left

rFire    + . .     SeeInvis +   a - +9 demon whip "Odgheecwe" {freeze, rPois Int+4 SInv}
rCold    + + .     Faith    .   q - +0 tower shield
rNeg     . . .     Spirit   .   T - +2 robe {rC+ rF+}
rPois    +         Reflect  .   c - +0 hat {Int+3}
rElec    .         Harm     .   S - +2 cloak {rCorr}
rCorr    +         Rampage  .   (gloves unavailable)
Will     +++..                  (boots unavailable)
Stlth    +.........             O - amulet "Qouparisu" {rPois Will+ Regen+ Int+4 Dex+2}
HPRegen  1.20/turn              M - ring of Joid His {rC+ Will+ Int+4}
MPRegen  0.15/turn              Y - ring of Vicaen {Str+2 Int+3 SInv}

@: lethally poisoned (-3 -> -4), constricted
A: large, unfitting armour, claws 3, regeneration 1, shaggy fur 1, tough skin 3
a: Renounce Religion, Wall Jump, Serpent's Lash, Heavenly Storm


You were on level 4 of the Snake Pit.
You worshipped Wu Jian.
Wu Jian was exalted by your worship.
You visited 4 branches of the dungeon, and saw 27 of its levels.
You also visited: Ossuary and Gauntlet.

You collected 4565 gold pieces.
You spent 980 gold pieces at shops.

Inventory:

Hand Weapons
 a - the +9 demon whip "Odgheecwe" (weapon) {freeze, rPois Int+4 SInv}
   (You found it on level 15 of the Dungeon)

   It has been specially enchanted to freeze those struck by it, causing extra
   injury to most foes and up to half again as much damage against particularly
   susceptible opponents.
   It can also slow down cold-blooded creatures.
   It affects your intelligence (+4).
   It protects you from poison.
   It lets you see invisible.
 b - a +6 mace of holy wrath
 U - a +7 giant spiked club of freezing
Missiles
 s - 33 large rocks
 X - a throwing net
Armour
 c - a +0 hat of intelligence (worn)
 q - a +0 tower shield (worn)
 I - a +2 robe of positive energy
 Q - a +2 robe of willpower
 S - a +2 cloak of preservation (worn)
 T - a +2 robe of resistance (worn)
Jewellery
 f - an uncursed ring of fire
 i - the amulet of Ublabroh {Acrobat Str+4 Int+8}
   (You found it in a Gauntlet)

   [amulet of the acrobat]

   It helps you evade while moving and waiting.
   It affects your strength (+4).
   It affects your intelligence (+8).
 A - an uncursed ring of flight
 H - an uncursed ring of willpower
 M - the ring of Joid His (left claw) {rC+ Will+ Int+4}
   (You found it on level 6 of the Lair of Beasts)

   [ring of protection from cold]

   It affects your intelligence (+4).
   It protects you from cold.
   It affects your willpower, your defense against some magical effects.
 O - the amulet "Qouparisu" (around neck) {rPois Will+ Regen+ Int+4 Dex+2}
   (You found it on level 8 of the Dungeon)

   [amulet of regeneration]

   It affects your intelligence (+4).
   It affects your dexterity (+2).
   It protects you from poison.
   It affects your willpower, your defense against some magical effects.
   It increases your rate of regeneration.
 P - an uncursed amulet of reflection
 Y - the ring of Vicaen (right claw) {Str+2 Int+3 SInv}
   (You found it on level 15 of the Dungeon)

   [ring of see invisible]

   It affects your strength (+2).
   It affects your intelligence (+3).
   It lets you see invisible.
Wands
 e - a wand of enslavement (4)
 o - a wand of acid (42)
 y - a wand of digging (10)
 C - a wand of iceblast (3)
 F - a wand of flame (13)
Scrolls
 g - 4 scrolls of magic mapping
 h - 13 scrolls of remove curse
 l - 9 scrolls of fog
 r - 9 scrolls of immolation
 u - a scroll of brand weapon
 v - 12 scrolls of teleportation
 w - 5 scrolls of amnesia
 D - 4 scrolls of enchant armour
 V - 4 scrolls of identify
 Z - a scroll of holy word
Potions
 d - 3 potions of might
 m - 3 potions of heal wounds
 n - 5 potions of resistance
 p - 6 potions of mutation
 x - 2 potions of magic
 z - 4 potions of attraction
 B - 3 potions of flight
 E - a potion of invisibility
 G - 8 potions of curing
 J - 3 potions of haste
 K - a potion of ambrosia
 L - 6 potions of lignification
 W - a potion of berserk rage
Miscellaneous
 k - a phial of floods
 N - a condenser vane
 R - a phantom mirror


   Skills:
 - Level 14.0 Fighting
 + Level 18.9 Maces & Flails
 - Level 2.4 Dodging
 * Level 14.8 Shields


You had 16 spell levels left.
You didn't know any spells.
Your spell library contained the following spells:

 Spells                   Type           Power        Failure   Level
 Animate Skeleton         Necr           0%           17%         1
 Apportation              Tloc           0%           17%         1
 Corona                   Hex            0%           17%         1
 Foxfire                  Conj/Fire      0%           17%         1
 Shock                    Conj/Air       0%           17%         1
 Summon Small Mammal      Summ           0%           17%         1
 Poisonous Vapours        Pois/Air       0%           26%         2
 Slow                     Hex            0%           26%         2
 Swiftness                Air            0%           26%         2
 Confusing Touch          Hex            0%           45%         3
 Conjure Flame            Conj/Fire      0%           45%         3
 Gell's Gravitas          Tloc           0%           45%         3
 Inner Flame              Hex/Fire       0%           45%         3
 Mephitic Cloud           Conj/Pois/Air  0%           45%         3
 Portal Projectile        Hex/Tloc       0%           45%         3
 Static Discharge         Conj/Air       0%           45%         3
 Teleport Other           Tloc           0%           45%         3
 Airstrike                Air            0%           86%         4
 Cause Fear               Hex            0%           86%         4
 Leda's Liquefaction      Hex/Erth       0%           86%         4
 Passage of Golubria      Tloc           N/A          86%         4
 Petrify                  Tmut/Erth      0%           86%         4
 Sticky Flame             Conj/Fire      0%           86%         4
 Fireball                 Conj/Fire      0%           99%         5
 Lightning Bolt           Conj/Air       0%           99%         5
 Metabolic Englaciation   Hex/Ice        0%           99%         5
 Yara's Violent Unravell  Hex/Tmut       0%           99%         5
 Dispersal                Tloc           0%           100%        6
 Malign Gateway           Summ/Tloc      0%           100%        7


Dungeon Overview and Level Annotations

Branches:
Dungeon (15/15)            Temple (0/1) D:5            Lair (6/6) D:10
 Shoals (0/4) Lair:3        Snake (4/4) Lair:2        Slime (0/5) Lair:5
    Orc (2/2) D:10            Elf (0/3) Orc:2        Vaults (0/5) D:14
 Depths (0/5) D:15        Ossuary (visited)         Gauntlet (visited)

Altars:
Ashenzari
Cheibriados
Dithmenos
Elyvilon
Gozag
Hepliaklqana
Qazlal
Sif Muna
Trog
Uskayaw
Vehumet
Wu Jian
Yredelemnul
Zin
Beogh

Shops:
D:5 }*(   Orc:2 [}((   Snake:4 =:

Portals:
Trove: D:14 (give +3 gold dragon scales)

Annotations:
D:10 1 runed translucent door
Lair:5 2 transporters, Mysukhlell's ghost, journeyman DrTm
Lair:6 3 runed translucent doors, Toastrabb's ghost, journeyman MiBe
Snake:3 3 runed translucent doors, Gygal Fez's ghost, adept MiFi
Snake:4 5 exclusions, Aizul


Innate Abilities, Weirdness & Mutations

You are too large for most types of armour.
You have claws for hands.
Your natural rate of healing is unusually fast.
You are covered in fur. (AC +1)
You have extremely tough skin. (AC +3)


Message History

As you read the scroll of blinking, it crumbles to dust.
You feel sick.
The guardian serpent coils itself and waves its upper body at you.
The anaconda blinks! x2; Aizul blinks!
The black mamba blinks!
The naga blinks!
The naga hits you with a +0 scimitar.
* * * LOW HITPOINT WARNING * * *
The naga barely misses you.
Okay, then.
Unknown command.
You feel much better.
You feel sick. The anaconda closely misses you.
You block the anaconda's attack. The anaconda grabs you.
The anaconda bites you!
* * * LOW HITPOINT WARNING * * *
x2 The anaconda constricts you.
The black mamba bites you!
* * * LOW HITPOINT WARNING * * *
The anaconda bites you!
* * * LOW HITPOINT WARNING * * *
Aizul closely misses you. You block the anaconda's attack.
The anaconda bites you!
You die...

,,*,*****,,#§☼§☼§#☼☼§☼..#.,*,,,,,
,,*,*,,,*,,#.....#§§§☼§.##.*,,,,,
,**,+,,,*,,#.....#§☼§☼§..#.######
,*,,*,,,*,,#.....#☼☼☼...##.....(#
,**,*,,,*,,#..^..#§☼.....#.......
,,*,*,,,*,,#S....#§.....##.......
,,*,*,,,*,,#.....#☼.....#........
,,*,+,,,*,,#...SS##§#####........
,,*,*****,,#...S@N.###..........#
,,*,,,,,,,,#...SSS.#.####+#.....#
,,*,,,,,,,,#......§#......#.....#
*,*,*.#,,,,#.......#.....##.....#
*,*,*.#,,,,#.......#.....#......#
##+##.#,,,,#..).[()#.....#..))..#
.#*#..#,,,,#.S..)§[#§§...#).....#
.###..#,,,,#....[[§#.....#......#
..#..[#,####....[..S.....#.[.[..'


You could see Aizul, 4 anacondas, 2 guardian serpents, a black mamba and a naga.

Vanquished Creatures
  Rupert (D:14)
  Jorgrun (Snake:1)
  Asterion (Snake:1)
  Frances (D:13)
  A sphinx (D:15)
  2 nagarajas
  2 orc warlords
  2 entropy weavers (Lair:6)
  A minotaur (Gauntlet)
  An ettin (D:15)
  A death ooze (Gauntlet)
  2 yaktaur captains (D:15)
  6 hydras
  A great orb of eyes (D:15)
  8 vault guards (D:14)
  7 boulder beetles
  4 catoblepae
  Erica (D:8)
  12 anacondas
  5 naga warriors
  9 centaur warriors
  A tengu warrior (D:14)
  A death yak (shapeshifter) (Gauntlet)
  A two-headed ogre (D:9)
  A queen ant (Lair:6)
  A death knight (D:11)
  16 death yaks
  9 shock serpents
  5 orc high priests (Orc:2)
  10 naga sharpshooters
  Urug (Orc:1)
  Nergalle (Lair:2)
  Sonja (Lair:2)
  4 salamander mystics
  A fire crab (D:15)
  4 unseen horrors
  A deep troll (D:15)
  A flayed ghost (D:15)
  3 harpies (D:15)
  2 naga ritualists (Snake:4)
  A harpy (shapeshifter) (Gauntlet)
  3 phantasmal warriors
  A lindwurm (shapeshifter) (D:15)
  3 orc knights
  3 deep elf magi
  3 orc sorcerers (Orc:2)
  4 mana vipers
  14 salamanders
  3 elephants (Lair:5)
  5 manticores
  8 cyclopes
  6 ugly things
  Maurice (Orc:1)
  A salamander (shapeshifter) (D:15)
  3 guardian serpents (Snake:4)
  9 naga magi
  A merfolk siren (Lair:3)
  A torpor snail (Lair:3)
  17 black mambas
  5 gargoyles
  12 cane toads
  A cane toad (shapeshifter) (D:15)
  6 rime drakes
  A redback zombie (D:15)
  3 kobold demonologists
  A tengu conjurer (D:15)
  7 komodo dragons
  4 freezing wraiths
  9 trolls
  3 meliai (D:13)
  4 polar bears (Lair:3)
  19 blink frogs
  A dream sheep (shapeshifter) (Gauntlet)
  14 slime creatures
  2 meliai zombies
  31 orc warriors
  6 flying skulls (Gauntlet)
  3 vampires
  4 shadows
  6 wraiths
  59 yaks
  10 wyverns
  A yak (shapeshifter) (D:15)
  Grum (D:11)
  8 basilisks
  3 vampire mosquitoes (D:15)
  6 wargs
  A harpy simulacrum (D:15)
  29 nagas
  An acid dragon (D:15)
  20 soldier ants
  18 water moccasins
  9 black bears
  6 sky beasts
  2 ice beasts
  5 phantoms
  A wolf (shapeshifter) (D:15)
  14 ogres
  2 eyes of draining
  19 wolves
  14 centaurs
  4 big kobolds
  A wyvern zombie (D:14)
  22 bullfrogs
  7 scorpions
  5 killer bees (D:11)
  17 wights
  4 electric eels
  5 howler monkeys
  4 centaur zombies
  A quasit (D:12)
  9 hounds
  2 human zombies (Ossuary)
  3 bullfrog skeletons
  A gnoll shaman (D:6)
  7 jellies
  13 orc priests
  4 centaur skeletons
  3 iguanas
  36 orc wizards
  3 hell rats (Lair:4)
  28 worker ants
  4 mummies
  A worker ant zombie (D:8)
  9 gnolls
  26 adders
  3 shadow imps (D:5)
  2 white imps (D:5)
  5 ufetubi
  9 worms
  3 dart slugs
  2 leopard geckos
  85 orcs
  3 ball pythons
  6 giant cockroaches
  A gnoll zombie (Ossuary)
  8 goblins
  7 hobgoblins
  17 jackals
  5 quokkas
  13 bats
  6 frilled lizards
  A giant cockroach zombie (D:5)
  A goblin skeleton (D:10)
  4 hobgoblin zombies (Ossuary)
  A jackal skeleton (D:10)
  29 kobolds
  2 orc zombies (D:8)
  2 quokka skeletons
  A quokka zombie (D:6)
  11 rats
1037 creatures vanquished.

Vanquished Creatures (collateral kills)
  A killer bee (D:8)
  2 orc wizards (D:8)
  2 orc priests
  An adder (D:10)
  3 orcs
9 creatures vanquished.

Vanquished Creatures (others)
  A hornet (D:10)
  A wyvern (Lair:4)
  A bullfrog (D:10)
  A bush (Lair:6)
  31 fungi
  31 plants
66 creatures vanquished.

Grand Total: 1112 creatures vanquished

Notes
Turn   | Place    | Note
-------+----------+-------------------------------------------
     0 | D:1      | TheDeanity the Troll Fighter began the quest for the Orb.
     0 | D:1      | Reached XP level 1. HP: 22/22 MP: 0/0
    58 | D:1      | Reached skill level 2 in Maces & Flails
   106 | D:1      | Reached XP level 2. HP: 29/29 MP: 1/1
   308 | D:1      | Reached XP level 3. HP: 36/36 MP: 2/2
   524 | D:2      | Reached skill level 3 in Maces & Flails
   598 | D:2      | Found a white marble altar of Elyvilon.
   598 | D:2      | Found a broken altar of Ashenzari.
   747 | D:2      | Reached XP level 4. HP: 41/45 MP: 3/3
  1521 | D:3      | Reached skill level 4 in Maces & Flails
  1661 | D:3      | Reached XP level 5. HP: 49/53 MP: 4/4
  1727 | D:3      | Found an ornate altar of the Wu Jian Council.
  1746 | D:3      | Became a worshipper of the Wu Jian Council
  2079 | D:3      | Noticed a moth of wrath
  2082 | D:3      | Found a bloodstained altar of Trog.
  2465 | D:4      | Noticed an ogre
  2482 | D:4      | Killed an ogre
  2483 | D:4      | Reached XP level 6. HP: 62/62 MP: 5/5
  2510 | D:4      | Found a shadowy altar of Dithmenos.
  2560 | D:4      | Reached skill level 5 in Maces & Flails
  2617 | D:4      | Found a stormy altar of Qazlal.
  2659 | D:4      | Found a hazy altar of Hepliaklqana.
  3105 | D:5      | Entered Level 5 of the Dungeon
  3106 | D:5      | Found Jotepeho's Assorted Antiques.
  3133 | D:5      | Bought a scroll of identify for 46 gold pieces
  3232 | D:4      | Reached * piety under Wu Jian
  3327 | D:5      | Reached XP level 7. HP: 70/70 MP: 6/6
  3432 | D:5      | Found a staircase to the Ecumenical Temple.
  3451 | D:5      | Reached skill level 6 in Maces & Flails
  3462 | D:5      | Found Cewiopt's Gadget Shop.
  3505 | D:5      | Found a glowing silver altar of Zin.
  3654 | D:5      | Found Dirrycoon's Antique Weapon Shop.
  3736 | D:5      | Found a snail-covered altar of Cheibriados.
  3960 | D:5      | Bought a scroll of magic mapping for 80 gold pieces
  3960 | D:5      | Bought a scroll labelled DILEIHULIE for 23 gold pieces
  3960 | D:5      | Bought an amethyst potion for 20 gold pieces
  3961 | D:5      | Bought a scroll labelled COMUNN DAQU for 23 gold pieces
  4192 | D:6      | Reached ** piety under Wu Jian
  4193 | D:6      | Reached skill level 5 in Fighting
  4193 | D:6      | Reached skill level 7 in Maces & Flails
  4300 | D:6      | Reached XP level 8. HP: 72/80 MP: 7/7
  4734 | D:6      | Found a shimmering blue altar of Sif Muna.
  4819 | D:6      | Reached skill level 8 in Maces & Flails
  4903 | D:7      | Found a radiant altar of Vehumet.
  5349 | D:7      | Reached *** piety under Wu Jian
  5568 | D:7      | Reached skill level 9 in Maces & Flails
  5568 | D:7      | Reached XP level 9. HP: 76/89 MP: 8/8
  6140 | D:8      | Found a sand-covered staircase.
  6188 | Ossuary  | Entered an ossuary
  6565 | D:8      | Noticed a cyan ugly thing
  6577 | D:8      | Killed a cyan ugly thing
  6746 | D:8      | Reached skill level 10 in Maces & Flails
  6904 | D:8      | Noticed a centaur warrior
  6911 | D:8      | Killed a centaur warrior
  6912 | D:8      | Reached XP level 10. HP: 34/102 MP: 1/9
  6915 | D:8      | Noticed a cyclops
  6920 | D:8      | Killed a cyclops
  6921 | D:8      | Reached skill level 11 in Maces & Flails
  6925 | D:8      | Reached **** piety under Wu Jian
  6931 | D:8      | Got a coiled emerald amulet
  6935 | D:8      | Identified the Incunabulum of Lightness and the Compass
  7053 | D:8      | Noticed Erica
  7083 | D:8      | Killed Erica
  7358 | D:8      | Found a hide-covered altar of Uskayaw.
  7431 | D:8      | Found a basalt altar of Yredelemnul.
  7437 | D:8      | Identified the amulet "Qouparisu" {rPois Will+ Regen+ Int+4
                  | Dex+2} (You found it on level 8 of the Dungeon)
  7670 | D:9      | Noticed a two-headed ogre
  7679 | D:9      | Killed a two-headed ogre
  7680 | D:9      | Reached skill level 12 in Maces & Flails
  8059 | D:9      | Found an opulent altar of Gozag.
  8224 | D:10     | Entered Level 10 of the Dungeon
  8254 | D:10     | Reached XP level 11. HP: 38/113 MP: 10/10
  8542 | D:10     | Found a staircase to the Orcish Mines.
  8587 | D:10     | Reached ***** piety under Wu Jian
  8841 | D:10     | Found a staircase to the Lair.
  8967 | D:10     | Reached skill level 13 in Maces & Flails
  9095 | D:10     | Found a runed translucent door.
  9100 | D:10     | Found a basalt altar of Yredelemnul.
  9319 | D:11     | Noticed Grum
  9331 | D:11     | Killed Grum
  9918 | Lair:1   | Entered Level 1 of the Lair of Beasts
 10603 | Lair:1   | Reached skill level 14 in Maces & Flails
 10848 | Lair:2   | Noticed Nergalle
 10867 | Lair:2   | Killed Nergalle
 10868 | Lair:2   | Reached skill level 10 in Fighting
 10868 | Lair:2   | Reached XP level 12. HP: 101/126 MP: 11/11
 11041 | Lair:2   | Found a staircase to the Snake Pit.
 11223 | Lair:2   | Noticed Sonja
 11228 | Lair:2   | Killed Sonja
 11292 | Lair:2   | Noticed a six-headed hydra
 11296 | Lair:2   | Killed a six-headed hydra
 11381 | Lair:2   | Reached skill level 15 in Maces & Flails
 12302 | Lair:3   | Found a staircase to the Shoals.
 12584 | Lair:4   | Reached ****** piety under Wu Jian
 12585 | Lair:4   | Reached XP level 13. HP: 85/137 MP: 12/12
 12829 | Lair:4   | Reached skill level 16 in Maces & Flails
 13896 | Lair:5   | Found a transporter.
 13898 | Lair:5   | Found a bloodstained altar of Trog.
 13898 | Lair:5   | Identified the cursed +2 trident "Jeat" {antimagic, Stlth+}
 13907 | Lair:5   | Identified the +0 spear "Eplojac" {antimagic, *Contam +Rage
                  | rN+++ Str+4}
 13915 | Lair:5   | Found a transporter.
 13915 | Lair:5   | Noticed Mysukhlell's ghost (journeyman DrTm)
 13917 | Lair:5   | Identified the +7 lajatang "Peedudwae" {antimagic, rC+}
 14116 | Lair:4   | Reached skill level 5 in Shields
 14401 | Lair:5   | Found a staircase to the Slime Pits.
 14657 | Lair:6   | Entered Level 6 of the Lair of Beasts
 14970 | Lair:6   | Noticed an entropy weaver
 14971 | Lair:6   | Noticed an entropy weaver
 15009 | Lair:6   | Killed an entropy weaver
 15011 | Lair:6   | Found a runed translucent gate.
 15011 | Lair:6   | Found a runed translucent gate.
 15011 | Lair:6   | Found a runed translucent gate.
 15044 | Lair:6   | Reached XP level 14. HP: 44/148 MP: 13/13
 15045 | Lair:6   | HP: 3/148 [entropy weaver (14)]
 15623 | Lair:6   | Noticed Toastrabb's ghost (journeyman MiBe)
 15905 | Lair:6   | Got a brightly glowing silver ring
 15907 | Lair:6   | Identified the ring of Joid His {rC+ Will+ Int+4} (You
                  | found it on level 6 of the Lair of Beasts)
 17014 | D:12     | Found a gate leading to a gauntlet.
 17019 | Gauntlet | Entered a Gauntlet
 17019 | Gauntlet | Found a transporter.
 17019 | Gauntlet | Found a transporter.
 17019 | Gauntlet | Found a runed translucent gate.
 17025 | Gauntlet | Found a transporter.
 17042 | Gauntlet | Found a transporter.
 17054 | Gauntlet | Found a transporter.
 17055 | Gauntlet | Found a transporter.
 17055 | Gauntlet | Found a transporter.
 17057 | Gauntlet | Found a transporter.
 17057 | Gauntlet | Found a transporter.
 17071 | Gauntlet | Found a transporter.
 17084 | Gauntlet | Found a transporter.
 17094 | Gauntlet | Found a transporter.
 17100 | Gauntlet | Found a transporter.
 17135 | Gauntlet | Found a transporter.
 17135 | Gauntlet | Noticed a sphinx
 17136 | Gauntlet | Found a runed translucent door.
 17137 | Gauntlet | Found a runed translucent gate.
 17137 | Gauntlet | Found a runed translucent gate.
 17224 | Gauntlet | Noticed a storm dragon
 17228 | Gauntlet | a storm dragon changed into a death yak
 17304 | Gauntlet | Got a bound tin amulet
 17315 | Gauntlet | Identified the amulet of Ublabroh {Acrobat Str+4 Int+8}
                  | (You found it in a Gauntlet)
 17340 | Gauntlet | Found the +6 lightning scales {run, rElec}
 17350 | Gauntlet | Identified the Almanac of Displacement
 17580 | D:12     | You fall into a shaft and drop 2 floors!
 17595 | D:14     | Reached skill level 17 in Maces & Flails
 18348 | D:13     | Noticed Frances
 18359 | D:13     | Killed Frances
 18360 | D:13     | Reached XP level 15. HP: 44/158 MP: 14/14
 18872 | D:13     | You fall into a shaft and drop 1 floor!
 18907 | D:14     | Reached skill level 10 in Shields
 18931 | D:14     | Found a gate to the Vaults.
 19109 | D:14     | Found a portal to a secret trove of treasure.
 19688 | D:14     | Found a basalt altar of Yredelemnul.
 19784 | D:14     | Noticed Rupert
 19811 | D:14     | Killed Rupert
 20234 | D:15     | Entered Level 15 of the Dungeon
 20387 | D:15     | Found a shadowy altar of Dithmenos.
 20388 | D:15     | Found a white marble altar of Elyvilon.
 20388 | D:15     | Found a basalt altar of Yredelemnul.
 20546 | D:15     | Found a staircase to the Depths.
 20793 | D:15     | Noticed a sphinx
 20801 | D:15     | Killed a sphinx
 21163 | D:15     | Reached XP level 16. HP: 157/170 MP: 15/15
 21757 | D:15     | Got a faintly glowing tin ring
 21768 | D:15     | Identified the ring of Vicaen {Str+2 Int+3 SInv} (You found
                  | it on level 15 of the Dungeon)
 21951 | Orc:1    | Entered Level 1 of the Orcish Mines
 21952 | Orc:1    | Noticed Maurice
 21962 | Orc:1    | Killed Maurice
 22034 | Orc:1    | Noticed Urug
 22041 | Orc:1    | Killed Urug
 22506 | D:10     | Reached skill level 18 in Maces & Flails
 22656 | Orc:2    | Entered Level 2 of the Orcish Mines
 22691 | Orc:2    | Found a staircase to the Elven Halls.
 22880 | Orc:2    | Found a roughly hewn altar of Beogh.
 22998 | Orc:2    | Found a roughly hewn altar of Beogh.
 23356 | Orc:2    | Found Sululuf's Antique Armour Boutique.
 23384 | Orc:2    | Found a roughly hewn altar of Beogh.
 23409 | Orc:2    | Found Urenn's Antique Weapon Shop.
 23696 | Orc:2    | Found a roughly hewn altar of Beogh.
 23723 | Orc:2    | Found Dodghu Weno's Antique Weapon Emporium.
 23832 | Orc:2    | Found a roughly hewn altar of Beogh.
 23953 | Orc:2    | Found a roughly hewn altar of Beogh.
 23954 | Orc:2    | Found Xeskel's Gadget Shoppe.
 24403 | D:15     | Identified the +9 demon whip "Odgheecwe" {freeze, rPois
                  | Int+4 SInv} (You found it on level 15 of the Dungeon)
 24622 | Orc:2    | Bought a wand of digging (4) for 224 gold pieces
 24622 | Orc:2    | Bought a wand of enslavement (4) for 84 gold pieces
 24831 | D:5      | Bought a phial of floods for 480 gold pieces
 25017 | Snake:1  | Entered Level 1 of the Snake Pit
 25300 | Snake:1  | Noticed Jorgrun
 25317 | Snake:1  | Killed Jorgrun
 25636 | Snake:1  | Noticed Asterion
 25653 | Snake:1  | Killed Asterion
 26436 | Snake:2  | Reached XP level 17. HP: 133/180 MP: 16/16
 27401 | Snake:3  | Noticed Gygal Fez's ghost (adept MiFi)
 27402 | Snake:3  | Found a runed translucent gate.
 27402 | Snake:3  | Found a runed translucent gate.
 27402 | Snake:3  | Found a runed translucent gate.
 27714 | Snake:3  | Identified a scroll of acquirement
 27714 | Snake:3  | Acquired 803 gold pieces
 28536 | Snake:4  | Entered Level 4 of the Snake Pit
 28973 | Snake:4  | Found Ybboban's Book Shop.
 28987 | Snake:4  | Found Poqop's Jewellery Shop.
 29001 | Snake:4  | Noticed Aizul
 29094 | Snake:4  | HP: 6/180 [anaconda (11)]
 29094 | Snake:4  | Slain by an anaconda

Illustrated notes

Levels and vault maps discovered:
D:1:      psy_arrival_basics, layout_rooms, serial_bayou_ford_a
D:2:      minmay_skewed_foursquare, layout_loops_cross,
          chequers_temple_overflow_statue_of_worship
D:3:      layout_basic, overflow_temple_1_default, tgw_trog
D:4:      layout_gridville, grunt_dithmenos_shadows,
          nicolae_overflow_crystal_walls, overflow_temple_1_default
D:5:      layout_cave_pools, slow_altar_2, zin_academy,
          minmay_temple_entry_junction_2, serial_shops, kennysheep_mini,
          shop_fountains, nicolae_shop_waterfront, grunt_decor_mini_mirrors,
          chequers_serial_rivers_micro_e, minmay_misc_feat_pillars,
          kennysheep_generic_room_3
D:6:      layout_loops_ring, lemuel_blue_sif_altar
D:7:      layout_basic, old_standard_altar, serial_bayou_lagoon_b
D:8:      minmay_the_grid_square_5x5_3x3 [minmay_the_grid_square_5x5_lines,
          minmay_the_grid_square_5x5_tetrominoes,
          minmay_the_grid_square_5x5_tie,
          minmay_the_grid_square_5x5_almost_minimal,
          minmay_the_grid_square_5x5_megaprize_diamond,
          minmay_the_grid_square_5x5_checkered_statues,
          minmay_the_grid_square_5x5_spiral_small,
          minmay_the_grid_square_5x5_corner,
          minmay_the_grid_square_5x5_intrusive_squares], layout_basic,
          overflow_temple_1_default, lemuel_coloured_pillars_altar,
          nicolae_ossuary_entry_giza, uniq_erica
D:9:      layout_small_grid, nicolae_gozag_cash_rules_everything_around_me
D:10:     layout_roguey, grunt_lair_entry_orc_guard_hut, erik_orc_3,
          minmay_misc_feat_cross, dk_yredelemnul_ordeal
D:11:     layout_loops_ring, uniq_grum
D:12:     layout_long_grid, gauntlet_entry_generic
D:13:     layout_small_grid, uniq_frances
D:14:     layout_irregular_city, erik_vaults_2, lemuel_tele_altar,
          enter_trove_0, uniq_rupert
D:15:     hangedman_slaughterboxes
Lair:1:   layout_regular_city, nicolae_lair_grove_arrangements
Lair:2:   layout_chaotic_city, minmay_snake_entry_guardpost_medium,
          uniq_nergalle, uniq_sonja
Lair:3:   beast_lair_carwin_large_3, layout_misc_corridors,
          minmay_shoals_entry_lonely_mermaid
Lair:4:   layout_gridlike, special_room [special_room_mythical_zoo],
          cheibrodos_lair_reptile_den
Lair:5:   layout_long_grid, slime_dummy, gammafunk_ghost_wrathful_warriors,
          beast_lair_carwin_11
Lair:6:   evilmike_catoblepas_cave, layout_cellular_growth,
          gammafunk_ghost_hydra_chop, chequers_serial_rivers_small_3,
          zaba_antful_of_joy, infiniplex_staircase_pool
Snake:1:  layout_grid_maze, grunt_ministairs_3, uniq_asterion, uniq_jorgrun
Snake:2:  layout_chambers, st_stairs_5, lemuel_fruit_tree
Snake:3:  layout_basic, gammafunk_ghost_split
Snake:4:  grunt_snake_rune_serpentine_throne, layout_cave_town, serial_shops,
          shop, minmay_shop_star, uniq_aizul
Orc:1:    layout_diamond_mine, uniq_maurice, uniq_urug
Orc:2:    grunt_orc_community_town_hall, layout_diamond_mine,
          grunt_orc_community_big_house_1, grunt_orc_community_big_house_2,
          grunt_orc_community_house_3, grunt_orc_community_house_2,
          grunt_orc_community_house_1, grunt_orc_community_house_2,
          grunt_orc_community_house_3, grunt_orc_community_house_2

Skill      XL: |  1  2  3  4  5  6  7  8  9 10 11 12 13 14 15 16 17 |
---------------+----------------------------------------------------+-----
Maces & Flails | 2 3 4 5 7 9 10 12 14 15 16 17 18 | 18.9
Fighting       | 3 4 5 6 7 8 10 11 12 13 14 | 14.0
Shields        | 6 9 11 13 14 | 14.8
Dodging        | |  2.4

Action                   |  1- 3 |  4- 6 |  7- 9 | 10-12 | 13-15 | 16-18 || total
-------------------------+-------+-------+-------+-------+-------+-------++-------
Melee: Flail             |   144 |   253 |   439 |    12 |       |       ||   848
       Morningstar       |       |       |       |   930 |  1683 |   628 ||  3241
       Demon whip        |       |       |       |       |       |   490 ||   490
Throw: Large rock        |       |       |       |     5 |    14 |     3 ||    22
Invok: Lunge             |       |    15 |    29 |    64 |   107 |    92 ||   307
       Whirlwind         |       |       |     4 |   289 |   419 |   142 ||   854
       Serpent's Lash    |       |       |       |     9 |    24 |    15 ||    48
       Heavenly Storm    |       |       |       |       |     1 |     1 ||     2
 Abil: Wall Jump         |       |       |     1 |     1 |     3 |     2 ||     7
Evoke: Wand              |       |     1 |     6 |    11 |     8 |     8 ||    34
       Condenser vane    |       |       |       |     2 |     2 |     2 ||     6
       Phial of floods   |       |       |       |       |       |     1 ||     1
  Use: Scroll            |       |     7 |    15 |    12 |    13 |    10 ||    57
       Potion            |       |       |     1 |     1 |     9 |     2 ||    13
 Stab: Sleeping          |     1 |       |     3 |     1 |     1 |     1 ||     7
       Paralysed         |       |     6 |     1 |     3 |       |       ||    10
       Distracted        |       |       |     1 |     1 |       |       ||     2
       Confused          |       |       |       |     3 |       |       ||     3
       Invisible         |       |       |       |       |     3 |       ||     3
Armor: Robe              |    94 |    93 |    79 |   303 |   292 |   123 ||   984
Dodge: Dodged            |    71 |   104 |    98 |   185 |   277 |   131 ||   866
Block: Kite shield       |    89 |   109 |   146 |   293 |   215 |       ||   852
       Tower shield      |       |       |       |       |   588 |   742 ||  1330

Table legend: (Time is in decaauts)
 A = Elapsed time spent in this place.
 B = Non-inter-level travel time spent in this place.
 C = Inter-level travel time spent in this place.
 D = Time resting spent in this place.
 E = Time spent auto-exploring this place.
 F = Levels seen in this place.
 G = Mean time per level.
                   A        B        C        D        E       F      G
               +--------+--------+--------+--------+--------+-----+--------+
         Total |  28808 |  26570 |   2238 |   1544 |  16923 |  29 |  993.4 |
       Dungeon |  15136 |  13888 |   1248 |    694 |   8989 |  15 | 1009.1 |
          Lair |   6990 |   6538 |    452 |    529 |   4011 |   6 | 1165.0 |
     Snake Pit |   3937 |   3687 |    250 |    230 |   2497 |   4 |  984.2 |
  Orcish Mines |   2137 |   1851 |    286 |     73 |   1204 |   2 | 1068.5 |
       Ossuary |    244 |    244 |      0 |      0 |     83 |   1 |  244.0 |
      Gauntlet |    361 |    361 |      0 |     17 |    139 |   1 |  361.0 |
               +--------+--------+--------+--------+--------+-----+--------+

Top non-repeatable levels by time:
    D:15: 1770 daAuts
  Lair:6: 1617 daAuts
  Lair:5: 1388 daAuts
 Snake:2: 1310 daAuts
     D:7: 1250 daAuts
     D:8: 1249 daAuts
   Orc:2: 1246 daAuts
    D:10: 1238 daAuts
  Lair:4: 1209 daAuts
 Snake:3: 1188 daAuts
    D:14: 1083 daAuts
  Lair:2: 1017 daAuts
     D:3: 991 daAuts
     D:6: 978 daAuts
 Snake:1: 975 daAuts
